 Dungeon Crawl Stone Soup version 0.32-a0-42-ga30500b4d3 (webtiles) character file.

Game seed: 10865607344462738519

35 Newt the Insei (level 3, -1/23 HPs)
             Began as an Octopode Shapeshifter on Jan 26, 2024.
             Slain by Natasha (9 damage)
             ... on level 2 of the Dungeon.
             The game lasted 00:00:50 (1560 turns).

Newt the Insei (Octopode Shapeshifter)              Turns: 1560, Time: 00:00:51

Health: -1/23      AC:  1    Str: 13    XL:     3   Next: 35%
Magic:  3/3        EV: 13    Int: 12    God:
Gold:   83         SH:  0    Dex: 13    Spells: 2/2 levels left

rFire   . .          .
                       - Unarmed
rCold   . . .        (no shield)
rNeg    . . .        (helmet currently unavailable)
rPois   .            (no amulet)
rElec   .            (no ring)
rCorr   .            (no ring)
SInv    .            (no ring)
Will    .....        (no ring)
Stlth   ++           (no ring)
HPRegen 0.23/turn    (no ring)
MPRegen 0.08/turn    (no ring)
                     (no ring)

%: no passive effects
@: lethally poisoned (-1 -> -2), beast-form
A: beast (slay +1), almost no armour, amphibious, 8 rings, camouflage 1,
gelatinous body 1, (nimble swimmer 1), tentacles
a: Begin Untransformation


You were on level 2 of the Dungeon.
You were a hulking beast.
You visited 1 branch of the dungeon, and saw 2 of its levels.

You collected 83 gold pieces.

Inventory:

Talismans
 b - a beast talisman
 c - a flux talisman
Scrolls
 d - 4 scrolls of silence {unknown}
 e - a scroll of poison {unknown}
 g - a scroll of enchant weapon {unknown}
 h - a scroll of revelation {unknown}
 i - 2 scrolls of identify {unknown}
Potions
 a - a potion of lignification
 f - a potion of invisibility {unknown}
 j - a potion of berserk rage {unknown}
 k - a potion of degeneration {unknown}
 l - a potion of heal wounds {unknown}


   Skills:
 + Level 1.6 Fighting
 * Level 2.8 Dodging
 * Level 3.5 Unarmed Combat
 - Level 3.0 Shapeshifting


You had 2 spell levels left.
You didn't know any spells.
Your spell library contained the following spells:

 Spells                   Type           Power      Damage    Failure   Level
 Slow                     Hex            0%         N/A       32%         1
 Blink                    Tloc           0%         N/A       45%         2
 Lesser Beckoning         Tloc           0%         N/A       45%         2
 Momentum Strike          Conj/Tloc      0%         3d8       45%         2
 Confusing Touch          Hex            0%         N/A       69%         3
 Sigil of Binding         Hex            0%         N/A       69%         3
 Vampiric Draining        Necr           0%         2d6       69%         3


Dungeon Overview and Level Annotations

Branches:
Dungeon (2/15)

Altars:
Qazlal

Annotations:
D:2 Natasha


Innate Abilities, Weirdness & Mutations

You are a hulking beast.
Your limbs bulge with bestial killing power. (Slay +1)
You cannot wear most types of armour.
You are amphibious.
You can wear up to eight rings at the same time.
Your skin changes colour to match your surroundings (Stealth+).
Your rubbery body absorbs attacks. (AC +1, EV +1)
((You are camouflaged when in or above water. (Stealth+)))
You have tentacles for arms and can constrict up to eight enemies at once.


Message History

You tentacle-slap the endoplasm.
The endoplasm is severely wounded.
The endoplasm freezes you.
You are frozen.
You tentacle-slap the endoplasm.
You kill the endoplasm!
You now have 65 gold pieces (gained 12).
You now have 83 gold pieces (gained 18).
You open the door.
There is an open door here.
You open the door.
There is an open door here.
An adder comes into view.
Found a club.
An adder is nearby!
An adder is nearby!
A dart slug comes into view.
The adder hisses angrily.
You hear an angry hiss.
Natasha, Servant of Life and Death comes into view.
The adder bites you.
You tentacle-slap the adder. Your grab misses the adder.
The adder is moderately wounded.
The adder closely misses you. The adder bites you.
You are poisoned.
The adder poisons you!
You closely miss the adder. You grab the adder.
The adder is moderately wounded.
You constrict the adder.
You feel sick. The adder closely misses you.
You barely miss the adder. You squeeze the adder.
The adder is heavily wounded.
You constrict the adder.
You feel sick. Natasha claws you. The adder bites you.
Unknown command.
You release your grip on the adder.
You feel sick. The adder attacks as it pursues you!
The adder barely misses you.
Unknown command.
You closely miss the adder. You grab the adder. You squeeze the adder.
You kill the adder!
You feel sick. Natasha claws you!
You die...
Natasha begins licking her fur clean.

#.# ### ## #.# .. #.# #.
#.##### # ####. #.#...# #
...... #...#.# ## ##.#..
###...# ##.
.#.....#########...####..
.......hh.............+..
.#.)..w#########...####..
##.#.# #........# ##. #
#. .##.....# ## . #.###.#
# .# # #.###.#### #.
#.##........# #
#........##.#
###....###.###


You could see Natasha and a dart slug.

Vanquished Creatures
  2 adders (D:2)
  2 endoplasms
  A giant cockroach (D:2)
  2 goblins (D:1)
  3 hobgoblins (D:1)
  4 jackals (D:1)
  3 quokkas
  A ball python (D:2)
  2 bats (D:1)
  2 kobolds (D:1)
  2 rats
24 creatures vanquished.

Notes
Turn   | Place    | Note
-------+----------+-------------------------------------------
     0 | D:1      | Newt the Octopode Shapeshifter began the quest for the Orb.
     0 | D:1      | Reached XP level 1. HP: 13/13 MP: 1/1
   194 | D:1      | Reached XP level 2. HP: 18/18 MP: 2/2
   784 | D:2      | Found a stormy altar of Qazlal.
   999 | D:2      | Reached XP level 3. HP: 4/23 MP: 3/3
  1554 | D:2      | Noticed Natasha
  1560 | D:2      | Slain by Natasha

Illustrated notes

Levels and vault maps discovered:
D:1:      minmay_arrival_hallway, layout_loops_ring
D:2:      layout_loops_corners, basic_altar, minmay_vboxes, uniq_natasha

Action                     || total
---------------------------++-------
  Melee: Unarmed           ||    49
         Constrict         ||    10
         Tentacles         ||     8
         Punch             ||     1
   Stab: Sleeping          ||     6
 Armour: Skin              ||    20
  Dodge: Dodged            ||    16

Table legend: (Time is in decaauts)
 A = Elapsed time spent in this place.
 B = Non-inter-level travel time spent in this place.
 C = Inter-level travel time spent in this place.
 D = Time resting spent in this place.
 E = Time spent auto-exploring this place.
 F = Levels seen in this place.
 G = Mean time per level.
                   A        B        C        D        E       F      G
               +--------+--------+--------+--------+--------+-----+--------+
         Total |   1556 |   1496 |     60 |    290 |   1054 |   2 |  778.0 |
       Dungeon |   1556 |   1496 |     60 |    290 |   1054 |   2 |  778.0 |
               +--------+--------+--------+--------+--------+-----+--------+

Top non-repeatable levels by time:
     D:2: 836 daAuts
     D:1: 720 daAuts
